 Dungeon Crawl Stone Soup version 0.28-a0-802-g09f76e8c00 (webtiles) character file.

Game seed: 10870587580877620819

228 Leeroy the Insei (level 5, -1/40 HPs)
             Began as a Draconian Transmuter on Nov 6, 2021.
             Slain by Sigmund (12 damage)
             ... on level 2 of the Dungeon.
             The game lasted 00:11:56 (4745 turns).

Leeroy the Insei (Draconian Transmuter)             Turns: 4745, Time: 00:11:57

Health: -1/40      AC:  5    Str: 12    XL:     5   Next: 71%
Magic:  1/8        EV: 12    Int: 14    God:
Gold:   132        SH:  0    Dex: 12    Spells: 2/8 levels left

rFire   . . .      SeeInvis .     - Unarmed
rCold   . . .      Faith    .   (no shield)
rNeg    . . .      Spirit   .   (armour unavailable)
rPois   .          Reflect  .   (helmet currently unavailable)
rElec   .          Harm     .   (no cloak)
rCorr   .          Rampage  .   (no gloves)
Will    .....                   (boots currently unavailable)
Stlth   +.........              (no amulet)
HPRegen 0.13/turn               (no ring)
MPRegen 0.11/turn               (no ring)

@: appendages (expiring)
A: horns 2, talons 2, AC +5, unfitting armour, cold-blooded
a: End Transformation


You were on level 2 of the Dungeon.
You had temporarily grown beastly horns and talons.
You visited 1 branch of the dungeon, and saw 4 of its levels.
You also visited: Sewer.

You collected 132 gold pieces.

Inventory:

Hand Weapons
 n - a +0 antimagic war axe
Missiles
 d - 17 poisoned darts
 j - a throwing net
Scrolls
 a - 5 scrolls of identify
 f - a scroll of torment {unknown}
 g - a scroll of amnesia {unknown}
 k - 3 scrolls of teleportation
 o - 2 scrolls of magic mapping {unknown}
 p - a scroll of noise
 r - 2 scrolls of enchant weapon {unknown}
 s - a scroll of enchant armour {unknown}
 t - a scroll of fear {unknown}
 u - a scroll of summoning {unknown}
Potions
 b - a potion of curing
 c - 2 potions of degeneration
 e - a potion of mutation {unknown}
 h - a potion of might {unknown}
 i - a potion of ambrosia {unknown}
 l - a potion of haste {unknown}
 m - a potion of lignification {unknown}
 q - 2 potions of flight


   Skills:
 - Level 1.1 Fighting
 - Level 1.7 Dodging
 + Level 6.4 Unarmed Combat
 - Level 2.0 Spellcasting
 - Level 2.0 Transmutations
 + Level 0.5 Poison Magic


You had 2 spell levels left.
You knew the following spells:

 Your Spells              Type           Power      Damage    Failure   Level
a - Beastly Appendage     Tmut           14%        N/A       11%         1
b - Spider Form           Tmut/Pois      5%         N/A       38%         3
c - Wereblood             Tmut           7%         N/A       16%         2

Your spell library contained the following spells:

 Spells                   Type           Power      Damage    Failure   Level
 Corpse Rot               Necr/Air       2%         N/A       34%         2
 Static Discharge         Conj/Air       1%         N/A       34%         2
 Ice Form                 Ice/Tmut       4%         N/A       83%         4
 Dispel Undead            Necr           1%         3d6       93%         4
 Lightning Bolt           Conj/Air       0%         1d11      100%        5
 Death Channel            Necr           0%         N/A       100%        6
 Maxwell's Capacitive Co  Air            0%         ∞         100%        8
 Chain Lightning          Conj/Air       0%         2d1       100%        9
 Fire Storm               Conj/Fire      0%         6d1       100%        9
 Shatter                  Erth           0%         3d5*      100%        9


Dungeon Overview and Level Annotations

Branches:
Dungeon (4/15)              Sewer (visited)
 Temple: D:4-7

Altars:
Makhleb

Annotations:
D:2 Sigmund


Innate Abilities, Weirdness & Mutations

You have temporarily grown beastly horns and talons.
Your plain brown scales are hard. (AC +5)
You cannot fit into any form of body armour.
You are cold-blooded and may be slowed by cold attacks.


Message History

Sigmund flickers, as though insubstantial.
Sigmund hits you with a +0 scythe!
You barely miss Sigmund. Sigmund barely misses you.
You closely miss Sigmund. Sigmund barely misses you.
You barely miss Sigmund.
Your tail-slap misses Sigmund.
Sigmund casts a spell at you. You resist with some effort.
You hit Sigmund.
Sigmund's magic leaks into the air.
Sigmund is lightly wounded.
Sigmund hits you with a +0 scythe.
You feel magic returning to you.
You are now empty-handed.
Casting: Beastly Appendage (safe; 11% risk of failure)
Confirm with . or Enter, or press ? or * to list all spells.
You grow a pair of large bovine horns.
Your feet morph into talons.
Sigmund hits you with a +0 scythe.
You hit Sigmund.
Sigmund is moderately wounded.
You hit Sigmund. Your headbutt misses Sigmund.
Sigmund is moderately wounded.
Sigmund hits you with a +0 scythe.
You completely miss Sigmund. Your headbutt misses Sigmund.
Sigmund is moderately wounded.
Sigmund misses you.
You hit Sigmund. You headbutt Sigmund.
Sigmund is heavily wounded.
You hit Sigmund but do no damage. Your kick misses Sigmund.
Your headbutt misses Sigmund.
Sigmund is heavily wounded.
Sigmund hits you with a +0 scythe.
* * * LOW HITPOINT WARNING * * *
You barely miss Sigmund. Your kick misses Sigmund.
Sigmund is heavily wounded.
You hit Sigmund.
Sigmund is severely wounded.
Sigmund barely misses you.
You barely miss Sigmund.
Sigmund is severely wounded.
Your transformation is almost over.
Sigmund hits you with a +0 scythe!
You die...

≈...# ####.##.......
.≈..# #.####..'........
.≈..# #......##........
≈...#########.##........
.....##.......##........
........####..##........
....###.# #..##........
....# #.# #..##@.......
....###.# #..##@.......
........# #..).........
.....#### #.##.........
###..# #.##.########
##<#.# #.##.# ...#.# #.
#.# .#.#.# #. #.# .###.#
#. ..# .....# ## ###


You could see Sigmund.

Vanquished Creatures
  A hound (D:2)
  An orc wizard (D:4)
  5 adders
  A river rat (D:4)
  7 worms
  3 dart slugs (D:1)
  3 orcs (D:4)
  8 bats
  10 endoplasms
  5 giant cockroaches
  4 goblins
  6 hobgoblins
  6 jackals
  4 quokkas
  11 ball pythons
  3 frilled lizards
  5 kobolds
  11 rats
94 creatures vanquished.

Notes
Turn   | Place    | Note
-------+----------+-------------------------------------------
     0 | D:1      | Leeroy the Draconian Transmuter began the quest for the
                  | Orb.
     0 | D:1      | Reached XP level 1. HP: 16/16 MP: 3/3
    95 | D:1      | Reached XP level 2. HP: 23/23 MP: 3/5
   290 | D:1      | Reached skill level 4 in Unarmed Combat
   652 | D:1      | Found a faded altar of an unknown god.
   698 | D:1      | Reached XP level 3. HP: 27/28 MP: 6/6
   702 | D:1      | Learned a level 3 spell: Spider Form
   830 | D:2      | Noticed Sigmund
  1710 | D:3      | Reached skill level 5 in Unarmed Combat
  1710 | D:3      | Reached XP level 4. HP: 27/35 MP: 7/7
  2041 | D:4      | Learned a level 2 spell: Wereblood
  2076 | D:4      | Found a burning altar of Makhleb.
  2163 | D:4      | Found a glowing drain.
  2188 | Sewer    | Entered a sewer
  3502 | D:4      | Noticed a necrophage
  3512 | D:4      | Reached XP level 5. HP: 31/39 MP: 2/8
  4030 | D:2      | Reached skill level 6 in Unarmed Combat
  4056 | D:2      | HP: 1/39 [constriction (1)]
  4745 | D:2      | Slain by Sigmund

Illustrated notes

Levels and vault maps discovered:
D:1:      eino_arrival_druids_welcome, layout_rooms,
          chequers_ecumenical_altar_simple, st_stairs_3, bh_walls_and_bars
D:2:      cheibrodos_helix_gallery, layout_basic, uniq_sigmund, uniq_terence
D:3:      layout_basic
D:4:      layout_gridville, bloody_makhleb, portal_sewer_entry_b, st_stairs_1

Skill      XL: |  1  2  3  4  5 |
---------------+----------------+-----
Unarmed Combat | 4 5 6 |  6.4
Fighting       | |  1.1
Dodging        | |  1.7
Spellcasting   | |  2.0
Transmutations | |  2.0
Poison Magic   | |  0.5

Action                   |  1- 3 |  4- 6 || total
-------------------------+-------+-------++-------
Melee: Unarmed           |   121 |   226 ||   347
       Kick              |     8 |    11 ||    19
       Tailslap          |     5 |    16 ||    21
       Headbutt          |     7 |     4 ||    11
       Punch             |     2 |     3 ||     5
       War axe           |       |     6 ||     6
 Cast: Beastly Appendage |    14 |    16 ||    30
       Wereblood         |       |     5 ||     5
       Spider Form       |       |     3 ||     3
  Use: Potion            |       |     5 ||     5
       Scroll            |       |     2 ||     2
 Stab: Sleeping          |     2 |       ||     2
Armor: Skin              |    35 |   122 ||   157
Dodge: Dodged            |    68 |   243 ||   311

Table legend: (Time is in decaauts)
 A = Elapsed time spent in this place.
 B = Non-inter-level travel time spent in this place.
 C = Inter-level travel time spent in this place.
 D = Time resting spent in this place.
 E = Time spent auto-exploring this place.
 F = Levels seen in this place.
 G = Mean time per level.
                   A        B        C        D        E       F      G
               +--------+--------+--------+--------+--------+-----+--------+
         Total |   4930 |   4833 |     97 |    837 |   2763 |   5 |  986.0 |
       Dungeon |   3442 |   3345 |     97 |    730 |   1993 |   4 |  860.5 |
         Sewer |   1488 |   1488 |      0 |    107 |    770 |   1 | 1488.0 |
               +--------+--------+--------+--------+--------+-----+--------+

Top non-repeatable levels by time:
     D:3: 1518 daAuts
   Sewer: 1488 daAuts
     D:2: 858 daAuts
     D:1: 788 daAuts
     D:4: 276 daAuts
